 Dungeon Crawl Stone Soup version 0.32-a0-931-g5a2cda0630 (webtiles) character file.

Game seed: 6218674711863720988

1346 adeline the Carver (level 8, -2/61 HPs)
             Began as a Coglin Fighter on Apr 14, 2024.
             Slain by andrew's ghost (15 damage)
             ... on level 3 of the Dungeon.
             The game lasted 00:09:03 (3314 turns).

adeline the Carver (Coglin Fighter)                 Turns: 3314, Time: 00:09:04

Health: -2/61      AC: 21    Str: 19    XL:     8   Next: 62%
Magic:  8/8        EV:  7    Int:  7    God:
Gold:   183        SH:  0    Dex: 14    Spells: 7/7 levels left

rFire   . . .        a - +0 long sword (vamp) {Eunwoo}
rCold   . . .        f - +0 dagger {Publius}
rNeg    . . .        l - +8 chain mail {ponderous}
rPois   .            (no helmet)
rElec   .            k - +2 cloak
rCorr   .            (no gloves)
SInv    .            h - +0 pair of boots
Will    .....        (amulet unavailable) Stlth
                     (ring unavailable)
HPRegen 0.30/turn    (ring unavailable)
MPRegen 0.11/turn    (no gizmo)

%: no passive effects
@: revved, slow
A: off-hand wielding, slow wielding, warmup strikes, no jewellery
a: Invent Gizmo


You were on level 3 of the Dungeon.
You visited 1 branch of the dungeon, and saw 4 of its levels.

You collected 393 gold pieces.
You spent 210 gold pieces at shops.

Inventory:

Hand Weapons
 a - a +0 vampiric long sword (weapon) {Eunwoo}
 f - a +0 dagger (offhand) {Publius}
Missiles
 o - a throwing net (quivered)
Armour
 b - a +0 scale mail
 h - a +0 pair of boots (worn)
 k - a +2 cloak (worn)
 l - a +8 chain mail of ponderousness (worn)
Jewellery
 j - a +6 ring of dexterity
Scrolls
 c - a scroll of blinking {unknown}
 e - a scroll of identify
Potions
 g - a potion of ambrosia
 i - 2 potions of mutation
 n - a potion of heal wounds


   Skills:
 + Level 4.7 Fighting
 * Level 8.3 Long Blades
 + Level 4.2 Armour
 + Level 2.0 Dodging
 + Level 1.1 Stealth
 + Level 2.5 Shields


You had 7 spell levels left.
You didn't know any spells.
Your spell library contained the following spells:

 Spells                   Type           Power      Damage    Failure   Level
 Blink                    Tloc           0%         N/A       99%         2
 Lesser Beckoning         Tloc           0%         N/A       99%         2
 Momentum Strike          Conj/Tloc      0%         3d8       99%         2


Dungeon Overview and Level Annotations

Branches:
Dungeon (4/15)
 Temple: D:4-7

Altars:

Shops:
D:3 =[:[

Annotations:
D:3 andrew's ghost, amateur MfGl
D:4 Biggs's ghost, amateur VSBr


Innate Abilities, Weirdness & Mutations

You can wield a second weapon in your off-hand.
It takes a long time for you to wield or remove held weapons.
Your first few attacks do less damage.
You cannot equip rings or amulets.


Message History

Andrew's ghost hits you but does no damage.
You miss andrew's ghost with your +0 vampiric long sword.
Andrew's ghost is lightly damaged.
You closely miss andrew's ghost with your +0 dagger.
Andrew's ghost whispers, "It is all a dream - a grotesque and foolish dream."
Andrew's ghost hits you.
You closely miss andrew's ghost with your +0 dagger.
Andrew's ghost is lightly damaged.
You closely miss andrew's ghost with your +0 vampiric long sword.
Andrew's ghost hits you but does no damage.
You miss andrew's ghost with your +0 vampiric long sword.
Andrew's ghost is lightly damaged.
You hit andrew's ghost but do no damage.
Andrew's ghost hits you!
You hit andrew's ghost but do no damage.
Andrew's ghost is lightly damaged.
You miss andrew's ghost with your +0 dagger.
You hit andrew's ghost but do no damage.
Andrew's ghost is lightly damaged.
You barely miss andrew's ghost with your +0 vampiric long sword.
Andrew's ghost hits you but does no damage.
You closely miss andrew's ghost with your +0 vampiric long sword.
Andrew's ghost is lightly damaged.
You miss andrew's ghost with your +0 dagger.
Andrew's ghost hits you but does no damage.
You miss andrew's ghost with your +0 dagger.
Andrew's ghost is lightly damaged.
You miss andrew's ghost with your +0 vampiric long sword.
Andrew's ghost hits you.
* * * LOW HITPOINT WARNING * * *
You closely miss andrew's ghost with your +0 vampiric long sword.
Andrew's ghost is lightly damaged.
You miss andrew's ghost with your +0 dagger.
Andrew's ghost hits you.
* * * LOW HITPOINT WARNING * * *
You closely miss andrew's ghost with your +0 vampiric long sword.
Andrew's ghost is lightly damaged.
You hit andrew's ghost with your +0 dagger.
Andrew's ghost hits you!
You die...

##..#.# #......
###..##.####..##..
#.....(.......###.
###.............# #.
####............######.
##....#..............##.
#..####.................
####.## #.W........<......
###....#####@.........#######
#........>......#######
#################


You could see andrew's ghost.

Vanquished Creatures
  The ghost of adeline the Summoner, a novice DESu (D:4)
  The ghost of Biggs the Ruffian, an amateur TrGl (D:3)
  The ghost of SageDae the Shield-Bearer, an amateur MDFi (D:3)
  A steam dragon (D:4)
  An ogre (D:4)
  A black bear (D:3)
  A phantom (D:4)
  A bombardier beetle (D:4)
  An orc wizard (D:3)
  5 adders
  7 gnolls (D:4)
  2 dart slugs
  A ribbon worm (D:2)
  4 orcs
  A bat (D:3)
  3 endoplasms
  A giant cockroach (D:3)
  5 hobgoblins
  3 jackals
  A quokka (D:4)
  3 ball pythons
  3 frilled lizards
  8 goblins
  5 kobolds
  5 rats
66 creatures vanquished.

Vanquished Creatures (others)
  A hobgoblin (D:4)
1 creature vanquished.

Grand Total: 67 creatures vanquished

Notes
Turn   | Place    | Note
-------+----------+-------------------------------------------
     0 | D:1      | adeline the Coglin Fighter began the quest for the Orb.
     0 | D:1      | Reached XP level 1. HP: 18/18 MP: 1/1
   211 | D:1      | Reached XP level 2. HP: 19/24 MP: 2/2
   756 | D:2      | Found a faded altar of an unknown god.
   942 | D:2      | Reached XP level 3. HP: 29/29 MP: 3/3
  1318 | D:3      | Found Neast's Jewellery Boutique.
  1403 | D:3      | Found Issep's Antique Armour Shop.
  1449 | D:3      | Bought a glowing chain mail for 210 gold pieces
  1511 | D:3      | Noticed a black bear
  1519 | D:3      | Killed a black bear
  1520 | D:3      | Reached skill level 3 in Long Blades
  1520 | D:3      | Reached XP level 4. HP: 35/37 MP: 4/4
  1520 | D:3      | Reached XP level 5. HP: 40/42 MP: 5/5
  1522 | D:3      | Found Kytifadone's Book Emporium.
  1625 | D:3      | Reached skill level 1 in Dodging
  1686 | D:3      | Reached skill level 4 in Long Blades
  1697 | D:3      | Found Cioreo's Armour Boutique.
  1883 | D:4      | Noticed an ogre
  1902 | D:4      | Killed an ogre
  1903 | D:4      | Reached XP level 6. HP: 29/48 MP: 6/6
  2074 | D:4      | Reached skill level 5 in Long Blades
  2258 | D:4      | Reached XP level 7. HP: 51/54 MP: 7/7
  2300 | D:4      | Noticed a steam dragon
  2310 | D:4      | Killed a steam dragon
  2311 | D:4      | Reached skill level 6 in Long Blades
  2569 | D:4      | Found a runed translucent gate.
  2569 | D:4      | Found a runed translucent gate.
  2569 | D:4      | Noticed adeline's ghost (novice DESu)
  2569 | D:4      | Noticed andrew's ghost (amateur MfGl)
  2570 | D:4      | Found a runed translucent gate.
  2570 | D:4      | Noticed SageDae's ghost (amateur MDFi)
  2570 | D:4      | Noticed Biggs's ghost (amateur VSBr)
  2571 | D:4      | Noticed Biggs's ghost (amateur TrGl)
  2686 | D:4      | Killed adeline's ghost
  2687 | D:4      | Reached skill level 7 in Long Blades
  2687 | D:4      | Reached skill level 1 in Stealth
  2687 | D:4      | Reached XP level 8. HP: 49/61 MP: 8/8
  3014 | D:3      | HP: 3/61 [SageDae's ghost (3)]
  3015 | D:3      | HP: 1/61 [poisoned by SageDae's ghost]
  3024 | D:3      | Killed SageDae's ghost
  3243 | D:3      | Killed Biggs's ghost
  3244 | D:3      | Reached skill level 8 in Long Blades
  3314 | D:3      | Slain by andrew's ghost

Illustrated notes

Levels and vault maps discovered:
D:1:      heliophobic_arrival_battle_scene, layout_loops_cross
D:2:      layout_basic, dreamdust_ecumenical_altar_grove
D:3:      layout_rooms, serial_shops, shop_coins, shop_coins,
          nicolae_shop_stone, nicolae_shop_gibbet_a_chance,
          kennysheep_generic_room_7
D:4:      layout_loops_corners, gammafunk_ghost_cemetery

Skill      XL: |  1  2  3  4  5  6  7  8 |
---------------+-------------------------+-----
Armour         | 3 4 |  4.2
Long Blades    | 3 4 5 7 8 |  8.3
Dodging        | 1 2 |  2.0
Fighting       | 4 |  4.7
Stealth        | 1 |  1.1
Shields        | |  2.5

Action                     |  1- 3 |  4- 6 |  7- 9 || total
---------------------------+-------+-------+-------++-------
  Melee: Long sword        |    72 |    76 |   104 ||   252
         Dagger            |    61 |    75 |   102 ||   238
    Use: Scroll            |     6 |     3 |     1 ||    10
         Potion            |       |       |     6 ||     6
 Armour: Scale mail        |    57 |       |       ||    57
         Chain mail        |    14 |   114 |    99 ||   227
  Dodge: Dodged            |    38 |    50 |    30 ||   118
  Block: Buckler           |     2 |       |       ||     2

Table legend: (Time is in decaauts)
 A = Elapsed time spent in this place.
 B = Non-inter-level travel time spent in this place.
 C = Inter-level travel time spent in this place.
 D = Time resting spent in this place.
 E = Time spent auto-exploring this place.
 F = Levels seen in this place.
 G = Mean time per level.
                   A        B        C        D        E       F      G
               +--------+--------+--------+--------+--------+-----+--------+
         Total |   3427 |   3223 |    204 |    450 |   1844 |   4 |  856.8 |
       Dungeon |   3427 |   3223 |    204 |    450 |   1844 |   4 |  856.8 |
               +--------+--------+--------+--------+--------+-----+--------+

Top non-repeatable levels by time:
     D:3: 1145 daAuts
     D:4: 955 daAuts
     D:1: 682 daAuts
     D:2: 643 daAuts
